 Dungeon Crawl Stone Soup version 0.20-a0-555-gf6ae02d (webtiles) character file.

392 Dragon983 the Skirmisher (level 6, -4/40 HPs)
             Began as a Gargoyle Monk on Feb 5, 2017.
             Slain by Execuda's ghost (5 damage)
             ... on level 4 of the Dungeon.
             The game lasted 00:06:35 (3626 turns).

Dragon983 the Skirmisher (Gargoyle Monk)            Turns: 3626, Time: 00:06:36

Health: -4/40      AC: 10    Str: 14    XL:     6   Next: 81%
Magic:  0/6        EV: 10    Int: 11    God:
Gold:   292        SH:  4    Dex: 14    Spells: 5/5 levels left

rFire    . . .     SeeInvis .   u - +0 short sword
rCold    . . .     Gourm    .   a - +0 scale mail
rNeg     + . .     Faith    .   s - +0 buckler
rPois    ∞         Spirit   +   (no helmet)
rElec    +         Reflect  .   (no cloak)
rCorr    .         Harm     .   (no gloves)
MR       .....                  (no boots)
Stlth    +.........             l - amulet of guardian spirit
Regen    0.2/turn               (no ring)
                                (no ring)

@: no status effects
A: negative energy resistance 1, electricity resistance, unbreathing,
petrification resistance, rot immunity, AC +4
a: no special abilities


You were on level 4 of the Dungeon.
You were not hungry.

You visited 1 branch of the dungeon, and saw 4 of its levels.

You collected 292 gold pieces.

Inventory:

Hand Weapons
 u - a +0 short sword (weapon)
Armour
 a - a +0 scale mail (worn)
 s - a +0 buckler (worn)
Jewellery
 l - an amulet of guardian spirit (around neck)
Wands
 w - a wand of lightning (10/15)
Scrolls
 d - 6 scrolls of remove curse {unknown}
 e - 3 scrolls of identify {unknown}
 i - a scroll of enchant weapon {unknown}
 j - 3 scrolls of amnesia {unknown}
 m - a scroll of blinking {unknown}
 n - 2 scrolls of immolation {unknown}
 p - a scroll of fear {unknown}
 q - a scroll of fog {unknown}
Potions
 f - 3 potions of brilliance {unknown}
 g - a potion of degeneration {unknown}
 k - a potion of lignification {unknown}
 o - 2 potions of cancellation {unknown}
 r - 3 potions of curing {unknown}
 v - a potion of magic {unknown}
Comestibles
 b - 2 bread rations
 c - a meat ration
 h - 4 fruits
 t - 2 royal jellies


   Skills:
 + Level 5.0 Fighting
 * Level 2.6 Short Blades
 + Level 3.6 Dodging
 - Level 2.1 Stealth
 + Level 2.2 Shields
 - Level 3.9 Unarmed Combat


You had 5 spell levels left.
You didn't know any spells.

Dungeon Overview and Level Annotations

Branches:
Dungeon (4/15)
 Temple: D:4-7

Altars:
Fedhas
Hepliaklqana
Kikubaaqudgha
Yredelemnul

Annotations:
D:4 Execuda's ghost, novice GrFi


Innate Abilities, Weirdness & Mutations

You are resistant to torment.
Your stone body is resilient. (AC +4)
You are immune to poison.
You resist negative energy. (rN+)
You are resistant to electric shocks. (rElec)
You can survive without breathing.
You are immune to petrification.
You are immune to rotting.


Message History

Execuda's ghost is lightly damaged.
Execuda's ghost barely misses you.
Your scale mail prevents you from hitting Execuda's ghost.
Execuda's ghost is lightly damaged.
Execuda's ghost closely misses you.
You hit Execuda's ghost but do no damage.
Execuda's ghost is lightly damaged.
Execuda's ghost hits you but does no damage.
You hit Execuda's ghost but do no damage.
Execuda's ghost is lightly damaged.
Execuda's ghost hits you.
* * * LOW HITPOINT WARNING * * *
You hit Execuda's ghost but do no damage.
Execuda's ghost is lightly damaged.
Execuda's ghost hits you!
* * * LOW HITPOINT WARNING * * *
You hit Execuda's ghost but do no damage.
Execuda's ghost is lightly damaged.
Execuda's ghost hits you.
You die...

..# # #.# #. ####.# #####.##....#
..#.........#### ## ###
#.#.#.#......... .###.# #.
#.#.#.......#### .#♣._##
#.#####.#.#......## .'...8#
#.#..@W.....#...## ##♣._##
#.#.###.#.###..## ##.# #.#.#
#.#.# #..# #### #.#.###.#.###..#
#.# #.......#......## ##.###
#...#########...## ##.#..# #.####
##.....## #.#.#.# #.##.##
##.......##
...##.######.#...####.........###


You could see Execuda's ghost.

Vanquished Creatures
  2 phantoms
  A hound (D:4)
  An orc priest (D:4)
  A centaur skeleton (D:4)
  A hound skeleton (D:4)
  3 adders
  An ooze (D:4)
  2 worms
  5 dart slugs
  3 leopard geckos
  5 orcs
  A ball python (D:2)
  6 bats
  4 giant cockroaches
  3 hobgoblins
  4 frilled lizards
  7 goblins
  A jackal skeleton (D:4)
  9 kobolds
  6 rats
66 creatures vanquished.

Notes
Turn   | Place    | Note
-------+----------+-------------------------------------------
     0 | D:1      | Dragon983 the Gargoyle Monk began the quest for the Orb.
     0 | D:1      | Reached XP level 1. HP: 14/14 MP: 1/1
   137 | D:1      | Reached XP level 2. HP: 16/19 MP: 2/2
   819 | D:1      | Reached XP level 3. HP: 23/24 MP: 3/3
  1461 | D:2      | Reached skill level 4 in Fighting
  1461 | D:2      | Reached XP level 4. HP: 29/29 MP: 4/4
  1519 | D:2      | You fall through a shaft!
  1565 | D:3      | Found an ancient bone altar of Kikubaaqudgha.
  1938 | D:3      | Found a blossoming altar of Fedhas.
  2177 | D:4      | Reached XP level 5. HP: 31/34 MP: 3/5
  2398 | D:4      | Noticed a phantom
  2477 | D:4      | Killed a phantom
  2477 | D:4      | Reached skill level 1 in Short Blades
  2477 | D:4      | Reached skill level 1 in Shields
  2477 | D:4      | Reached XP level 6. HP: 24/39 MP: 6/6
  2643 | D:4      | Noticed a phantom
  2643 | D:4      | Noticed Execuda's ghost (novice GrFi)
  3054 | D:3      | Killed a phantom
  3375 | D:4      | Found a hazy altar of Hepliaklqana.
  3376 | D:4      | Found a basalt altar of Yredelemnul.
  3591 | D:4      | Reached skill level 5 in Fighting
  3625 | D:4      | HP: 1/40 [Execuda's ghost (9)]
  3626 | D:4      | Slain by Execuda's ghost

Vault maps used:
D:1:      grunt_arrival_lava_bath, hangedman_feature_mirror
D:2:      nicolae_overflow_hidden_temple, first_bread, serial_corexii_hall,
          corexii_hall_statues_deadend, corexii_hall_statues_l
D:3:      kiku_gazebo_garden_becter, mrwooster_statue_mirror,
          fedhas_altar_fruit_tree
D:4:      gammafunk_temple_overflow_statue

Skill      XL: |  1  2  3  4  5  6 |
---------------+-------------------+-----
Dodging        | 3 |  3.6
Fighting       | 4 5 |  5.0
Short Blades   | 1 2 |  2.6
Shields        | 1 2 |  2.2
Stealth        | |  2.1
Unarmed Combat | |  3.9

Action                   |  1- 3 |  4- 6 || total
-------------------------+-------+-------++-------
Melee: Unarmed           |   132 |    81 ||   213
       Punch             |     2 |       ||     2
       Short sword       |       |   222 ||   222
 Stab: Sleeping          |     7 |     1 ||     8
  Eat: Chunk             |     2 |     3 ||     5
       Fruit             |       |     2 ||     2
       Meat ration       |       |     1 ||     1
Armor: Robe              |    20 |       ||    20
       Ring mail         |    15 |    11 ||    26
       Scale mail        |       |   104 ||   104
Dodge: Dodged            |    91 |   115 ||   206
Block: Buckler           |       |    49 ||    49
